 Dungeon Crawl Stone Soup version 0.31-a0-1066-g35875b34c7 (webtiles) character file.

Game seed: 223191014133834479

12996 Malachi the Fighter (level 11, -5/92 (94) HPs)
             Began as a Demonspawn Hunter on Nov 22, 2023.
             Was an Elder of Wu Jian.
             Slain by a tentacled starspawn (27 damage)
             ... on level 2 of the Abyss.
             The game lasted 00:18:50 (11362 turns).

Malachi the Fighter (Demonspawn Hunter)            Turns: 11362, Time: 00:18:51

HP:   -5/92 (94)    AC: 14    Str: 12 (13) XL:     11   Next: 69%
MP:   11/11         EV: 18    Int:  8 (10) God:    Wu Jian [****..]
Gold: 417           SH:  4    Dex: 23 (26) Spells: 10/10 levels left

rFire   . . .        y - +0 dagger (elec)
rCold   . . .        (no shield)
rNeg    . . .        M - +0 steam dragon scales
rPois   .            r - +2 helmet
rElec   .            p - +1 cloak
rCorr   .            (no gloves)
SInv    .            (no boots)
Will    .....        (no amulet)
Stlth   ++           d - +6 ring of dexterity
HPRegen 0.35/turn    (no ring)
MPRegen 0.12/turn

%: no passive effects
@: mighty, about to teleport, on berserk cooldown, slowed, lightly drained,
invisible (expiring), very slow
A: rugged brown scales 2, condensation shield, demonic touch 1
a: Renounce Religion, Wall Jump, Serpent's Lash


You were on level 2 of the Abyss.
You worshipped Wu Jian.
Wu Jian was greatly pleased with you.
You visited 2 branches of the dungeon, and saw 11 of its levels.
You visited the Abyss 1 time.

You collected 599 gold pieces.
You spent 182 gold pieces at shops.

Inventory:

Hand Weapons
 s - a +1 dagger of venom
 y - a +0 dagger of electrocution (weapon)
 A - a +3 scimitar of flaming
 C - a +0 orcbow
 D - a +2 triple crossbow of freezing
 I - a +3 great sword of freezing
 J - a +5 falchion
Missiles
 o - 60 poisoned darts
 H - a curare-tipped dart
Armour
 n - a +2 scale mail of poison resistance
 p - a +1 cloak (worn)
 r - a +2 helmet (worn)
 E - an orb of wrath
 M - +0 steam dragon scales (worn)
Jewellery
 d - a +6 ring of dexterity (left hand)
 t - a ring of wizardry
 v - a ring of magical power
Wands
 G - a wand of iceblast (19)
Scrolls
 g - 2 scrolls of noise
 h - 5 scrolls of teleportation
 k - 2 scrolls of vulnerability
 m - a scroll of torment
 w - 2 scrolls of amnesia
 F - a scroll of fear
 L - a scroll of enchant armour
Potions
 a - a potion of resistance {unknown}
 e - 5 potions of curing
 f - a potion of magic
 i - a potion of brilliance
 l - a potion of haste
 x - a potion of invisibility
Miscellaneous
 c - a sack of spiders
 B - a condenser vane


   Skills:
 - Level 10.0 Fighting
 - Level 10.0 Short Blades
 - Level 5.3 Ranged Weapons
 + Level 7.3 Armour
 + Level 7.7 Dodging
 - Level 0.8 Stealth


You had 10 spell levels left.
You didn't know any spells.
Your spell library contained the following spells:

 Spells                   Type           Power      Damage    Failure   Level
 Slow                     Hex            0%         N/A       41%         1
 Confusing Touch          Hex            0%         N/A       78%         3
 Frozen Ramparts          Ice            0%         1d1       78%         3
 Sigil of Binding         Hex            0%         N/A       78%         3
 Vampiric Draining        Necr           0%         2d6       78%         3
 Petrify                  Tmut/Erth      0%         N/A       99%         4
 Metabolic Englaciation   Hex/Ice        0%         N/A       100%        5


Dungeon Overview and Level Annotations

Branches:
Dungeon (10/15)            Temple (1/1) D:4            Lair (0/5) D:9
    Orc: D:9-12

Altars:
Ashenzari
Dithmenos
Fedhas
Gozag
Hepliaklqana
Kikubaaqudgha
Makhleb
Nemelex Xobeh
Okawaru
Qazlal
Ru
Sif Muna
Trog
Uskayaw
Vehumet
Wu Jian
Xom
Yredelemnul

Shops:
D:4 !(!*

Annotations:
D:10 Erolcha


Innate Abilities, Weirdness & Mutations

You are mostly covered in rugged brown scales. (AC +2, +5% HP)
A meltable shield of frost defends you. (SH +4)
Your touch may inflict minor irresistible damage on your foes.


Message History

You nearly hit yourself!
You feel less invigorated.
You feel less confused.
You puncture the tentacled starspawn!
The tentacled starspawn is lightly damaged.
Tentacles burst from the starspawn's body! 2 starspawn tentacles come into view.
You hit the tentacled starspawn.
The tentacled starspawn is lightly damaged.
Unknown command.
You strike the helpless tentacled starspawn from behind!
You impale the tentacled starspawn!!
Lightning courses through the tentacled starspawn!
The tentacled starspawn is heavily damaged.
Unknown command.
Something hits you but does no damage. Something bites you but does no damage.
You feel less wooden.
Your +1 cloak unmelds from your body.
Your +2 helmet unmelds from your body.
Your +0 steam dragon scales unmelds from your body.
Something hits you but does no damage. Something bites you.
Something draws strength from your injuries!
The starcursed mass shrieks in your mind.
* * * LOW HITPOINT WARNING * * *
You flicker for a moment.
Something hits you but does no damage. Something bites you but does no damage.
The tentacled starspawn bites the bush but does no damage.
The tentacled starspawn tentacle-slaps the bush!
As you read the scroll of teleportation, it crumbles to dust.
You feel strangely unstable.
You feel the power of the Abyss delaying your translocation!
Something barely misses you. Something bites you but does no damage.
The starcursed mass touches the bush but does no damage.
You barely miss the tentacled starspawn.
The tentacled starspawn is heavily damaged.
A starcursed mass splits.
The starcursed mass shrieks in your mind.
* * * LOW HITPOINT WARNING * * *
You barely miss the tentacled starspawn.
The tentacled starspawn is heavily damaged.
The tentacled starspawn bites you!!
You die...

# .## #§ #b..
... #.# b ...
#.### ..## .#
#.... .X.#§.
#...#§#X.#
..##.#..#!P####
#.....@X{....#
.....#.§.#...#.
.## ###.##.#.#
# #.. #..# .#..
..# # #..#...
#.###. ..


You could see 2 starcursed masses and a tentacled starspawn (unable to see you).

Vanquished Creatures
  Gastronok (D:8)
  A hydra (D:8)
  Erica (D:9)
  A boulder beetle (D:8)
  3 death yaks
  A two-headed ogre (D:9)
  Pikel (D:6)
  A cyclops (D:8)
  A gargoyle (D:9)
  A kobold demonologist (D:9)
  Prince Ribbit (D:7)
  Grinder (D:6)
  A slime creature (D:8)
  A ynoxinul (Abyss:2)
  A wyvern (D:7)
  A shadow (D:9)
  6 yaks (D:9)
  A starcursed mass (Abyss:2)
  2 steam dragons
  Duvessa (D:7)
  3 water moccasins
  3 ice beasts
  2 black bears (D:5)
  An orc warrior (D:9)
  3 sky beasts
  3 ogres
  A centaur (D:7)
  6 kobold brigands
  3 bullfrogs
  A gnoll sergeant (D:9)
  2 scorpions
  10 wights
  Dowan (D:7)
  A howler monkey (D:4)
  A crimson imp (D:5)
  6 hounds
  A jelly (D:8)
  7 orc priests
  2 sleepcaps
  5 iguanas (D:5)
  12 orc wizards
  2 hell rats (D:9)
  Robin (D:4)
  4 gnolls (D:9)
  13 adders
  A shadow imp (D:7)
  5 dart slugs
  29 orcs
  9 endoplasms
  2 giant cockroaches (D:1)
  15 goblins
  10 hobgoblins
  34 kobolds
  A quokka (D:3)
  4 ball pythons
  4 bats
  4 frilled lizards
  5 rats
245 creatures vanquished.

Vanquished Creatures (others)
  7 starspawn tentacles (Abyss:2)
7 creatures vanquished.

Grand Total: 252 creatures vanquished

Notes
Turn   | Place    | Note
-------+----------+-------------------------------------------
     0 | D:1      | Malachi the Demonspawn Hunter began the quest for the Orb.
     0 | D:1      | Reached XP level 1. HP: 16/16 MP: 1/1
   213 | D:1      | Gained mutation: Your touch may inflict minor irresistible
                  | damage on your foes. [demonic ancestry]
   213 | D:1      | Reached XP level 2. HP: 22/22 MP: 2/2
   566 | D:2      | Gained mutation: You are partially covered in rugged brown
                  | scales. (AC +1, +3% HP) [demonic ancestry]
   566 | D:2      | Reached XP level 3. HP: 22/27 MP: 3/3
  1132 | D:3      | Gained mutation: You are mostly covered in rugged brown
                  | scales. (AC +2, +5% HP) [demonic ancestry]
  1132 | D:3      | Reached XP level 4. HP: 27/35 MP: 4/4
  1382 | D:3      | Reached skill level 5 in Ranged Weapons
  1491 | D:3      | Reached XP level 5. HP: 22/44 MP: 5/5
  1605 | D:3      | Found an ancient bone altar of Kikubaaqudgha.
  1607 | D:3      | Found a blossoming altar of Fedhas.
  2110 | D:4      | Noticed Robin
  2137 | D:4      | Killed Robin
  2200 | D:4      | Reached skill level 5 in Fighting
  2798 | D:4      | Found Yduusex's Antique Weapon Shop.
  2807 | D:4      | Bought a glowing long sword for 182 gold pieces
  2829 | D:4      | Found Eneuxki's Distillery.
  2856 | D:4      | Found a staircase to the Ecumenical Temple.
  2868 | D:4      | Gained mutation: A meltable shield of frost defends you.
                  | (SH +4) [demonic ancestry]
  2868 | D:4      | Reached XP level 6. HP: 52/53 MP: 6/6
  2874 | Temple   | Entered the Ecumenical Temple
  2945 | Temple   | Became a worshipper of the Wu Jian Council
  3004 | D:4      | Found Jeuloyra's General Store.
  3027 | D:4      | Found Hoppinos's Distillery.
  3216 | D:4      | Found a large runed translucent door.
  3217 | D:4      | Found a large runed translucent door.
  3414 | D:5      | Entered Level 5 of the Dungeon
  3422 | D:5      | Noticed an ice beast
  3432 | D:5      | Killed an ice beast
  3433 | D:5      | Reached skill level 1 in Short Blades
  3750 | D:5      | Noticed an ice beast
  3794 | D:5      | Killed an ice beast
  3805 | D:5      | Reached XP level 7. HP: 14/59 MP: 7/7
  4191 | D:5      | Reached * piety under Wu Jian
  4349 | D:5      | Reached XP level 8. HP: 42/70 MP: 8/8
  4739 | D:5      | Found a shimmering altar of Xom.
  4740 | D:5      | Found a burning altar of Makhleb.
  4785 | D:5      | Reached skill level 5 in Short Blades
  5251 | D:6      | Noticed Grinder
  5260 | D:6      | Killed Grinder
  6229 | D:6      | Reached XP level 9. HP: 75/78 MP: 9/9
  6468 | D:6      | Noticed Pikel
  6480 | D:6      | Killed Pikel
  6621 | D:7      | Noticed Dowan
  6622 | D:7      | Noticed Duvessa
  6624 | D:7      | Killed Dowan
  6634 | D:7      | Killed Duvessa
  6988 | D:7      | Reached skill level 10 in Fighting
  6999 | D:7      | Noticed Prince Ribbit
  7009 | D:7      | Killed Prince Ribbit
  7151 | D:7      | Reached ** piety under Wu Jian
  7554 | D:7      | Reached XP level 10. HP: 66/89 MP: 10/10
  7680 | D:8      | Noticed a cyclops
  7722 | D:8      | Noticed a four-headed hydra
  7733 | D:8      | Killed a four-headed hydra
  7734 | D:8      | Reached skill level 10 in Short Blades
  7812 | D:8      | Noticed a boulder beetle
  7835 | D:8      | Killed a boulder beetle
  7836 | D:8      | Reached skill level 1 in Armour
  8279 | D:8      | Killed a cyclops
  8453 | D:8      | Noticed Gastronok
  8477 | D:8      | Killed Gastronok
  8478 | D:8      | Reached skill level 5 in Dodging
  8821 | D:8      | Reached *** piety under Wu Jian
  9129 | D:9      | Found a staircase to the Lair.
  9129 | D:9      | Noticed a death yak
  9131 | D:9      | Noticed a death yak
  9134 | D:9      | Noticed a death yak
  9147 | D:8      | Killed a death yak
  9148 | D:8      | Reached XP level 11. HP: 35/94 MP: 11/11
  9571 | D:9      | Reached skill level 5 in Armour
  9608 | D:9      | Killed a death yak
  9634 | D:9      | Killed a death yak
 10311 | D:9      | Reached **** piety under Wu Jian
 10690 | D:9      | Noticed Erica
 10705 | D:9      | Killed Erica
 10874 | D:9      | Noticed a two-headed ogre
 10898 | D:9      | Killed a two-headed ogre
 11068 | D:10     | Entered Level 10 of the Dungeon
 11129 | D:10     | Noticed Erolcha
 11149 | Abyss:2  | Cast into level 2 of the Abyss (Erolcha)
 11175 | Abyss:2  | Found a shadowy altar of Dithmenos.
 11175 | Abyss:2  | Found a shadowy altar of Dithmenos.
 11175 | Abyss:2  | Found a shadowy altar of Dithmenos.
 11203 | Abyss:2  | Noticed a cacodemon
 11205 | Abyss:2  | Noticed a rakshasa
 11210 | Abyss:2  | Noticed a thrashing horror
 11258 | Abyss:2  | Noticed a vampire mage
 11277 | Abyss:2  | Noticed a starcursed mass
 11289 | Abyss:2  | Noticed a tentacled starspawn
 11343 | Abyss:2  | Killed a starcursed mass
 11362 | Abyss:2  | Slain by a tentacled starspawn

Illustrated notes

Levels and vault maps discovered:
D:1:      amcnicky_arrival_abandoned_market, layout_rooms
D:2:      layout_rooms, nrook_mini_backslash
D:3:      layout_basic, nicolae_overflow_hidden_temple
D:4:      layout_basic, jmf_multi_god_temple2, minmay_temple_entry_glass,
          serial_shops, nicolae_shop_industrial_runoff,
          nicolae_shop_behind_doors, shop, shop, chequers_serial_rivers_micro_b,
          uniq_robin
D:5:      layout_gridville, grunt_temple_overflow_champion_of_chaos,
          minmay_fractal_squares_5
D:6:      layout_basic, uniq_grinder, uniq_pikel
D:7:      layout_loops_cross, uniq_duvessa, uniq_prince_ribbit1
D:8:      layout_loops_corners, serial_library_hellmonk_junction,
          minmay_diamond_spiral, uniq_gastronok
D:9:      layout_loops_ring, dpeg_lair_monsters, uniq_erica
D:10:     layout_roguey, orc_david_3, uniq_erolcha
Temple:   regret_index_temple_waves
Abyss:2:  base: D:1, evilmike_abyss_exit_plants, hangedman_abyss_mock_shop,
          minivault_11

Skill      XL: |  1  2  3  4  5  6  7  8  9 10 11 |
---------------+----------------------------------+-----
Ranged Weapons | 4 5 |  5.3
Fighting       | 3 5 7 8 10 | 10.0
Short Blades   | 2 4 6 9 10 | 10.0
Armour         | 4 7 |  7.3
Dodging        | 5 7 |  7.7
Stealth        | |  0.8

Action                     |  1- 3 |  4- 6 |  7- 9 | 10-12 || total
---------------------------+-------+-------+-------+-------++-------
  Melee: Dagger            |       |    69 |   348 |   411 ||   828
         Touch             |       |    13 |    84 |   105 ||   202
         Punch             |       |     1 |     3 |     6 ||    10
   Fire: Shortbow          |    91 |   128 |    16 |       ||   235
Ability: Lunge             |       |     2 |    28 |    24 ||    54
         Whirlwind         |       |       |       |     1 ||     1
    Use: Scroll            |       |     6 |     4 |     7 ||    17
         Potion            |       |     1 |       |    10 ||    11
   Stab: Distracted        |       |       |       |     1 ||     1
         Invisible         |       |       |       |     1 ||     1
 Armour: Leather armour    |    21 |    60 |       |       ||    81
         Scale mail        |       |    59 |   206 |   118 ||   383
         Steam dragon scal |       |       |       |    20 ||    20
         Skin              |       |       |       |     7 ||     7
  Dodge: Dodged            |    19 |    67 |   115 |   106 ||   307
  Block: Other             |       |     8 |    35 |    31 ||    74

Table legend: (Time is in decaauts)
 A = Elapsed time spent in this place.
 B = Non-inter-level travel time spent in this place.
 C = Inter-level travel time spent in this place.
 D = Time resting spent in this place.
 E = Time spent auto-exploring this place.
 F = Levels seen in this place.
 G = Mean time per level.
                   A        B        C        D        E       F      G
               +--------+--------+--------+--------+--------+-----+--------+
         Total |  11157 |  10700 |    457 |   3129 |   5567 |  12 |  929.8 |
       Dungeon |  10827 |  10418 |    409 |   3129 |   5567 |  10 | 1082.7 |
        Temple |    121 |     74 |     47 |      0 |      0 |   1 |  121.0 |
         Abyss |    209 |    209 |      0 |      0 |      0 |   1 |  209.0 |
               +--------+--------+--------+--------+--------+-----+--------+

Top non-repeatable levels by time:
     D:8: 2024 daAuts
     D:5: 1691 daAuts
     D:4: 1403 daAuts
     D:6: 1390 daAuts
     D:9: 1192 daAuts
     D:7: 1105 daAuts
     D:3: 763 daAuts
     D:2: 657 daAuts
     D:1: 521 daAuts
 Abyss:2: 209 daAuts
  Temple: 121 daAuts
    D:10: 76 daAuts
